 Dungeon Crawl Stone Soup version 0.24.1-11-gbbbb2193e6 (webtiles) character file.

Game seed: 7107189028645007652, levelgen mode: deterministic

83 Kaiern the Stinger (level 4, -2/26 HPs)
             Began as a Gargoyle Venom Mage on May 12, 2020.
             Killed from afar by a white imp (9 damage)
             ... with a puff of frost
             ... summoned by Natasha
             ... on level 2 of the Dungeon.
             The game lasted 00:14:40 (2334 turns).

Kaiern the Stinger (Gargoyle Venom Mage)            Turns: 2334, Time: 00:14:41

Health: -2/26      AC:  5    Str: 12    XL:     4   Next: 44%
Magic:  4/8        EV: 12    Int: 16    God:
Gold:   28         SH:  0    Dex: 10    Spells: 4/8 levels left

rFire    . . .     SeeInvis .   q - +0 flail
rCold    . . .     Gourm    .   (no shield)
rNeg     + . .     Faith    .   a - +0 robe
rPois    ∞         Spirit   .   (no helmet)
rElec    +         Reflect  .   (no cloak)
rCorr    .         Harm     .   (no gloves)
MR       .....                  (no boots)
Stlth    ++........             (no amulet)
HPRegen  0.08/turn              (no ring)
MPRegen  0.11/turn              (no ring)

@: no status effects
A: negative energy resistance 1, electricity resistance, unbreathing,
petrification resistance, rot immunity, AC +3
a: no special abilities


You were on level 2 of the Dungeon.
You were not hungry.

You visited 1 branch of the dungeon, and saw 2 of its levels.

You collected 28 gold pieces.

Inventory:

Hand Weapons
 q - a +0 flail (weapon)
Armour
 a - a +0 robe (worn)
 b - a +0 shield
Jewellery
 k - an uncursed amulet of regeneration {unknown}
Scrolls
 d - a scroll of amnesia {unknown}
 f - a scroll of noise {unknown}
 h - 3 scrolls of teleportation {unknown}
 j - a scroll of remove curse {unknown}
 m - a scroll of magic mapping {unknown}
 n - 4 scrolls of identify {unknown}
Potions
 e - a potion of degeneration {unknown}
 g - 2 potions of heal wounds {unknown}
 i - a potion of curing {unknown}
 o - 2 potions of might {unknown}
Comestibles
 c - 5 rations


   Skills:
 + Level 1.9 Fighting
 - Level 1.5 Dodging
 - Level 2.1 Stealth
 + Level 2.8 Spellcasting
 + Level 2.3 Conjurations
 + Level 3.5 Poison Magic


You had 4 spell levels left.
You knew the following spells:

 Your Spells              Type           Power        Failure   Level  Hunger
a - Sting                 Conj/Pois      ##..         6%          1    #......
b - Mephitic Cloud        Conj/Pois/Air  #.......     26%         3    ###....

Your spell library contained the following spells:

 Spells                   Type           Power        Failure   Level  Hunger
 Poisonous Vapours        Pois/Air       #.....       14%         2    ##.....
 Olgreb's Toxic Radiance  Pois           ##......     41%         4    #####..
 Venom Bolt               Conj/Pois      ##........   85%         5    ######.


Dungeon Overview and Level Annotations

Branches:
Dungeon (2/15)

Altars:
Kikubaaqudgha
Nemelex Xobeh

Annotations:
D:2 1 runed translucent door, Crazy Yiuf, Natasha


Innate Abilities, Weirdness & Mutations

You are resistant to torment.
Your stone body is resilient. (AC +3)
You are immune to poison.
You resist negative energy. (rN+)
You are resistant to electric shocks. (rElec)
You can survive without breathing.
You are immune to petrification.
You are immune to rotting.


Message History

Casting: Sting (safe; 6% risk of failure)
Confirm with . or Enter, or press ? or * to list all spells.
Aiming: Mephitic Cloud (safe; 26% risk of failure)
Press: ? - help, Shift-Dir - straight line, f/p - Natasha
Aim: Natasha (heavily wounded)
The ball explodes into a vile cloud!
The stinking cloud engulfs the white imp but does no damage.
The stinking cloud engulfs Natasha but does no damage.
Natasha is heavily wounded.
The stinking cloud engulfs you but does no damage.
Natasha is engulfed in noxious fumes.
Natasha appears confused.
The white imp hits you. The white imp freezes you.
* * * LOW HITPOINT WARNING * * *
The crimson imp blinks!
Natasha is engulfed in noxious fumes.
Natasha appears confused.
Things that are here:
a +0 dagger; 2 stones The white imp gestures at you.
The puff of frost hits you!
You die...

###.##....########..<###
#......)........##...#
#.#.##....#####.##...####### ####
#.#...##### #.##.........# ...#
#.#.#.#########.####.#####.#
...###.#.............# #.###....
.......#.....#######.# #....P...
.......###...############....P...
........)h...5.)@).).(.......P#..
...#######((.###########.#...###.
...# #...# #......... #### #####
#......... ### #..##.._.. ####
#..#...... °.## ##.####### .○##
#........ .☼## #########


You could see Natasha (confused) and a white imp.

Vanquished Creatures
  4 gnolls (D:2)
  An ooze (D:2)
  3 dart slugs
  3 bats
  3 giant cockroaches
  5 goblins
  5 hobgoblins
  2 jackals (D:1)
  2 kobolds (D:2)
  2 frilled lizards (D:1)
  3 rats
33 creatures vanquished.

Notes
Turn   | Place    | Note
-------+----------+-------------------------------------------
     0 | D:1      | Kaiern the Gargoyle Venom Mage began the quest for the Orb.
     0 | D:1      | Reached XP level 1. HP: 10/10 MP: 3/3
   262 | D:1      | Reached XP level 2. HP: 16/16 MP: 1/5
  1193 | D:2      | Reached skill level 1 in Fighting
  1297 | D:2      | Found an ancient bone altar of Kikubaaqudgha.
  1304 | D:2      | Reached XP level 3. HP: 20/20 MP: 4/6
  1523 | D:2      | Learned a level 3 spell: Mephitic Cloud
  1596 | D:2      | Found a runed translucent door.
  1597 | D:2      | Noticed Crazy Yiuf
  1850 | D:2      | Reached XP level 4. HP: 25/25 MP: 3/8
  1973 | D:2      | Found a sparkling altar of Nemelex Xobeh.
  2303 | D:2      | Noticed Natasha
  2334 | D:2      | Killed from afar by a white imp

Levels and vault maps discovered:
D:1:      eino_arrival_druids_welcome, layout_basic
D:2:      layout_basic, kiku_gazebo_garden_becter, nemelex_altar_shiori,
          uniq_natasha, uniq_crazy_yiuf_cottage

Skill      XL: |  1  2  3 |
---------------+----------+-----
Fighting       | 1 |  1.9
Conjurations   | 2 |  2.3
Dodging        | |  1.5
Stealth        | |  2.1
Spellcasting   | |  2.8
Poison Magic   | |  3.5

Action                   |  1- 3 |  4- 6 || total
-------------------------+-------+-------++-------
Melee: Club              |    11 |       ||    11
       Hand axe          |    10 |       ||    10
 Cast: Sting             |    55 |    19 ||    74
       Mephitic Cloud    |       |     1 ||     1
  Eat: Chunk             |     3 |     2 ||     5
Armor: Robe              |    13 |     4 ||    17
Dodge: Dodged            |    15 |     7 ||    22
